 Dungeon Crawl Stone Soup version 0.27-a0-1280-g9d2d252d84 (webtiles) character file.

Game seed: 7144392799303311523

9442 Glokmah the Basher (level 11, -3/105 HPs)
             Began as a Troll Hunter on June 13, 2021.
             Was a High Priest of Okawaru.
             Slain by Sonja (5 damage)
             ... on level 1 of the Lair of Beasts.
             The game lasted 00:23:41 (8016 turns).

Glokmah the Basher (Troll Hunter)                   Turns: 8016, Time: 00:23:41

Health: -3/105     AC: 14    Str: 22    XL:     11   Next: 23%
Magic:  13/13      EV: 11    Int:  7    God:    Okawaru [*****.]
Gold:   439        SH:  0    Dex: 13    Spells: 10/10 levels left

rFire    + . .     SeeInvis .   a - +7 sceptre of Torment {pain, torment}
rCold    + + .     Faith    .   (no shield)
rNeg     . . .     Spirit   .   I - +2 robe {rC+}
rPois    .         Reflect  .   (helmet restricted)
rElec    .         Harm     .   q - scarf {rC+ rF+}
rCorr    .         Rampage  .   (gloves unavailable)
Will     .....                  (boots unavailable)
Stlth    +.........             m - amulet of regeneration
HPRegen  2.27/turn              p - +4 ring of protection
MPRegen  0.13/turn              j - +4 ring of protection

@: lethally poisoned (-3 -> -3), studying 2 skills
A: large, unfitting armour, claws 3, regeneration 1, shaggy fur 1, tough skin 1
a: Renounce Religion, Heroism, Finesse


You were on level 1 of the Lair of Beasts.
You worshipped Okawaru.
Okawaru was extremely pleased with you.
You visited 3 branches of the dungeon, and saw 12 of its levels.

You collected 439 gold pieces.

Inventory:

Hand Weapons
 a - the +7 sceptre of Torment (weapon) {pain, torment}
   (You acquired it on level 7 of the Dungeon)

   In the hands of one skilled in necromantic magic, it inflicts extra damage on
   living creatures.
 b - the +9 flail of Entrepreneurial Spirit {vorpal, rF++ Int-4}
   (You found it on level 9 of the Dungeon)

   It inflicts extra damage upon your enemies.
   It affects your intelligence (-4).
   It greatly protects you from fire.
 F - a +0 giant spiked club
Missiles
 c - 15 boomerangs (quivered)
 d - a throwing net
 k - 5 large rocks
 s - 42 poisoned darts
Armour
 h - a +1 robe
 q - a scarf of resistance (worn)
 I - a +2 robe of cold resistance (worn)
Jewellery
 e - an amulet of reflection
 g - a +6 ring of dexterity
 j - a +4 ring of protection (right claw)
 l - a ring of protection from fire
 m - an amulet of regeneration (around neck)
 p - a +4 ring of protection (left claw)
 t - a ring of protection from cold
 E - a ring of poison resistance
 G - the ring of Iwoesu {rF++ rCorr Str+3 Dex-4 SInv}
   (You found it on level 9 of the Dungeon)

   [ring of resist corrosion]

   It affects your strength (+3).
   It affects your dexterity (-4).
   It greatly protects you from fire.
   It lets you see invisible.
   It protects you from acid and corrosion.
Wands
 y - a wand of polymorph (6)
Scrolls
 i - 2 scrolls of magic mapping
 o - 4 scrolls of enchant weapon
 r - a scroll of amnesia
 u - a scroll of immolation
 v - a scroll of enchant armour
 x - 2 scrolls of identify
Potions
 f - 2 potions of berserk rage
 n - a potion of invisibility {unknown}
 z - a potion of mutation
 A - a potion of resistance {unknown}
 B - 2 potions of curing
 C - 3 potions of heal wounds {unknown}
 D - 2 potions of flight {unknown}


   Skills:
 + Level 5.7 Fighting
 * Level 10.1 Maces & Flails
 * Level 9.4 Throwing
 - Level 5.0 Dodging
 - Level 0.3 Stealth
 * Level 5.5 Necromancy
 + Level 4.4 Invocations


You had 10 spell levels left.
You didn't know any spells.
Your spell library contained the following spells:

 Spells                   Type           Power      Damage    Failure   Level
 Animate Skeleton         Necr           14%        N/A       4%          1
 Pain                     Necr           28%        1d5       4%          1
 Vampiric Draining        Necr           3%         2d6       14%         3
 Corona                   Hex            0%         N/A       43%         1
 Magic Dart               Conj           0%         1d3       43%         1
 Shock                    Conj/Air       0%         1d3       43%         1
 Animate Dead             Necr           3%         N/A       43%         4
 Blink                    Tloc           N/A        N/A       56%         2
 Call Imp                 Summ           0%         N/A       56%         2
 Poisonous Vapours        Pois/Air       0%         N/A       56%         2
 Searing Ray              Conj           0%         3d3       56%         2
 Slow                     Hex            0%         N/A       56%         2
 Static Discharge         Conj/Air       0%         N/A       56%         2
 Conjure Flame            Conj/Fire      0%         6-21      80%         3
 Dazzling Flash           Conj/Hex       0%         N/A       80%         3
 Mephitic Cloud           Conj/Pois/Air  0%         N/A       80%         3
 Swiftness                Air            0%         N/A       80%         3
 Agony                    Necr           7%         N/A       80%         5
 Airstrike                Air            0%         N/A       99%         4
 Fulminant Prism          Conj/Hex       0%         3d6       99%         4
 Iskenderun's Mystic Bla  Conj/Tloc      0%         2d3       99%         4
 Leda's Liquefaction      Hex/Erth       0%         N/A       99%         4
 Freezing Cloud           Conj/Ice/Air   0%         6-21      100%        5
 Lightning Bolt           Conj/Air       0%         1d11      100%        5


Dungeon Overview and Level Annotations

Branches:
Dungeon (10/15)            Temple (1/1) D:4            Lair (1/6) D:9
    Orc: D:9-12

Altars:
Cheibriados
Dithmenos
Gozag
Kikubaaqudgha
Makhleb
Nemelex Xobeh
Okawaru
Qazlal
Ru
Sif Muna
Trog
Uskayaw
Vehumet
Xom
Yredelemnul
Zin
The Shining One

Shops:
D:1 *=([   D:6 ?

Annotations:
Lair:1 Sonja


Innate Abilities, Weirdness & Mutations

You are too large for most types of armour.
You have claws for hands.
Your natural rate of healing is unusually fast.
You are covered in fur. (AC +1)
You have tough skin. (AC +1)


Message History

The black mamba poisons you!
Sonja casts a spell.
Sonja blinks!
You feel very sick.
The black mamba bites you but does no damage.
The black mamba bites you!
The blink frog blinks!
Sonja throws a curare-tipped dart.
The curare-tipped dart closely misses you.
There is a stone staircase leading down here.
You feel very sick. The black mamba bites you!
The blink frog completely misses you. The blink frog barely misses you.
The black mamba closely misses you.
The blink frog blinks! x2; The blink frog completely misses you.
The blink frog hits you but does no damage.
You see here 17 gold pieces.
You feel very sick. The blink frog hits you. The blink frog hits you!
* * * LOW HITPOINT WARNING * * *
The black mamba bites you!
* * * LOW HITPOINT WARNING * * *
Unknown command.
Blink to where?
Press: ? - help, Dir - move target
As you read the scroll of blinking, it crumbles to dust.
You feel sick.
You feel very sick. The blink frog closely misses you.
Sonja hits you but does no damage. x2
Space bends around you.
* * * LOW HITPOINT WARNING * * *
Sonja hits you but does no damage. Space bends around you.
* * * LOW HITPOINT WARNING * * *
Sonja barely misses you.
Sonja hits you with a +0 dagger of distortion.
* * * LOW HITPOINT WARNING * * *
Space bends around you.
* * * LOW HITPOINT WARNING * * *
Sonja hits you with a +0 dagger of distortion.
* * * LOW HITPOINT WARNING * * *
Space bends around you.
You die...

##
###.#####
#.......#
#.......#
#.......#
#.......#
#....@..##
#...KFF..#
#....FS.##
#.$....ยง#
#.....$.#
#....F>.#
#.......#
#........#
##.......#


You could see a black mamba, 4 blink frogs and Sonja.

Vanquished Creatures
  A boulder beetle (D:9)
  A catoblepas (D:9)
  A two-headed ogre (D:9)
  A deep elf pyromancer (D:9)
  3 trolls (D:9)
  2 hornets
  Prince Ribbit (D:8)
  2 slime creatures (D:9)
  A blink frog (Lair:1)
  2 shadows (D:9)
  A wyvern (D:9)
  2 yaks (D:9)
  A vampire (D:9)
  A basilisk (D:9)
  4 acid dragons
  2 water moccasins (D:7)
  A hornet zombie (D:7)
  2 black bears
  2 ice beasts (D:6)
  A sky beast (D:5)
  A necrophage (D:7)
  3 ogres
  A centaur (D:7)
  A phantom (D:4)
  Blork the orc (D:6)
  3 bullfrogs
  A wyvern zombie (D:4)
  11 killer bees
  6 wights
  An electric eel (D:7)
  6 centaur zombies
  2 orc priests
  A bullfrog skeleton (D:6)
  A gnoll shaman (D:8)
  A hound (D:5)
  3 jellies (D:8)
  5 iguanas
  8 orc wizards
  A killer bee zombie (D:7)
  7 adders
  18 gnolls
  2 shadow imps
  4 worms
  3 dart slugs
  16 orcs
  5 bats
  9 endoplasms
  5 giant cockroaches
  11 hobgoblins
  15 jackals
  4 quokkas
  16 ball pythons
  3 frilled lizards
  3 goblins
  7 kobolds
  4 rats
221 creatures vanquished.

Notes
Turn   | Place    | Note
-------+----------+-------------------------------------------
     0 | D:1      | Glokmah the Troll Hunter began the quest for the Orb.
     0 | D:1      | Reached XP level 1. HP: 19/19 MP: 0/0
    58 | D:1      | Found Tyutreurar's Antique Weapon Shop.
    91 | D:1      | Found Takigooh's Armour Shop.
   138 | D:1      | Reached XP level 2. HP: 28/28 MP: 1/1
   201 | D:1      | Found Tesi's Jewellery Shop.
   246 | D:1      | Found Bitaicag's Assorted Antiques.
   572 | D:1      | Reached skill level 1 in Maces & Flails
   572 | D:1      | Reached XP level 3. HP: 35/35 MP: 2/2
  1011 | D:2      | Reached XP level 4. HP: 42/42 MP: 3/3
  1124 | D:2      | Reached XP level 5. HP: 50/50 MP: 4/4
  1610 | D:2      | Found a faded altar of an unknown god.
  1692 | D:3      | Found a shimmering blue altar of Sif Muna.
  1964 | D:3      | Found a sacrificial altar of Ru.
  1978 | D:3      | Reached skill level 2 in Maces & Flails
  2197 | D:3      | Reached skill level 5 in Throwing
  2467 | D:4      | Reached XP level 6. HP: 55/59 MP: 5/5
  2615 | D:4      | Reached XP level 7. HP: 66/67 MP: 6/6
  2755 | D:4      | Found a glowing golden altar of the Shining One.
  2898 | D:4      | Found a staircase to the Ecumenical Temple.
  2907 | Temple   | Entered the Ecumenical Temple
  2934 | Temple   | Became a worshipper of Warmaster Okawaru
  3010 | D:5      | Entered Level 5 of the Dungeon
  3201 | D:5      | Reached skill level 3 in Maces & Flails
  3406 | D:5      | Noticed a hornet
  3417 | D:5      | Paralysed by a hornet for 1 turns
  3435 | D:5      | Killed a hornet
  3435 | D:5      | Reached * piety under Okawaru
  3436 | D:5      | Reached skill level 4 in Maces & Flails
  3436 | D:5      | Reached XP level 8. HP: 22/75 MP: 7/7
  4172 | D:5      | Found a sparkling altar of Nemelex Xobeh.
  4172 | D:5      | Found a radiant altar of Vehumet.
  4173 | D:5      | Found an ancient bone altar of Kikubaaqudgha.
  4477 | D:6      | Found Lerrefae's Magic Scroll Boutique.
  4780 | D:6      | Noticed Blork the orc
  4793 | D:6      | Killed Blork the orc
  4794 | D:6      | Reached skill level 1 in Invocations
  5012 | D:7      | Identified 2 scrolls of acquirement
  5012 | D:7      | Acquired the +7 sceptre of Torment {pain, torment}
  5013 | D:7      | Found the +7 sceptre of Torment {pain, torment}
  5015 | D:7      | Acquired a manual of Maces & Flails
  5035 | D:7      | Reached skill level 5 in Maces & Flails
  5036 | D:7      | Reached ** piety under Okawaru
  5087 | D:7      | Reached skill level 1 in Necromancy
  5125 | D:7      | Reached XP level 9. HP: 61/84 MP: 9/9
  5282 | D:7      | Reached skill level 6 in Maces & Flails
  6058 | D:8      | Reached *** piety under Okawaru
  6119 | D:8      | Reached skill level 7 in Maces & Flails
  6274 | D:8      | Found a glowing golden altar of the Shining One.
  6277 | D:8      | Found an ancient bone altar of Kikubaaqudgha.
  6277 | D:8      | Found a hide-covered altar of Uskayaw.
  6281 | D:8      | Found a stormy altar of Qazlal.
  6281 | D:8      | Found a bloodstained altar of Trog.
  6281 | D:8      | Found a shimmering altar of Xom.
  6318 | D:8      | Found a glowing silver altar of Zin.
  6320 | D:8      | Noticed Prince Ribbit
  6331 | D:8      | Killed Prince Ribbit
  6680 | D:9      | Received a gift from Okawaru
  6681 | D:9      | Reached XP level 10. HP: 94/94 MP: 11/11
  6700 | D:9      | Found a shadowy altar of Dithmenos.
  6734 | D:9      | Reached **** piety under Okawaru
  6781 | D:9      | Reached skill level 8 in Maces & Flails
  6781 | D:9      | Reached skill level 5 in Dodging
  6806 | D:9      | Noticed a two-headed ogre
  6815 | D:9      | Killed a two-headed ogre
  6816 | D:9      | Reached skill level 5 in Fighting
  6823 | D:9      | Identified the +9 flail of Entrepreneurial Spirit {vorpal,
                  | rF++ Int-4}
  6829 | D:9      | Noticed a catoblepas
  6930 | D:9      | Noticed a boulder beetle
  7019 | D:9      | Killed a boulder beetle
  7019 | D:9      | Reached ***** piety under Okawaru
  7020 | D:9      | Reached skill level 9 in Maces & Flails
  7050 | D:9      | Found a snail-covered altar of Cheibriados.
  7289 | D:9      | Identified the ring of Iwoesu {rF++ rCorr Str+3 Dex-4 SInv}
  7344 | D:9      | Noticed a deep elf pyromancer
  7363 | D:9      | Reached skill level 5 in Necromancy
  7366 | D:9      | Killed a deep elf pyromancer
  7395 | D:9      | Identified the Tome of Gliding Malediction
  7452 | D:9      | Killed a catoblepas
  7453 | D:9      | Reached XP level 11. HP: 32/104 MP: 10/13
  7730 | D:9      | Found a staircase to the Lair.
  7795 | D:9      | Received a gift from Okawaru
  7803 | D:9      | Reached skill level 10 in Maces & Flails
  7908 | D:10     | Entered Level 10 of the Dungeon
  8006 | Lair:1   | Entered Level 1 of the Lair of Beasts
  8006 | Lair:1   | Noticed Sonja
  8016 | Lair:1   | HP: 3/105 [Sonja (3)]
  8016 | Lair:1   | Slain by Sonja

Illustrated notes

Levels and vault maps discovered:
D:1:      scummos_arrival_checkerplants, layout_loops_ring, serial_shops,
          shop_statue, shop_statue, shop_coins, nicolae_shop_crystal
D:2:      layout_basic, shapermc_ecumenical_altar_hornbeckon, corner_web_ring
D:3:      minmay_angry_zag, layout_rooms, nicolae_sif_muna_condensation,
          nicolae_ru_great_annihilating_truth
D:4:      layout_rooms, kennysheep_mini_moat,
          minmay_temple_entry_statues_pillars, minivault_14, minmay_ruptured
D:5:      wad_crossroads, layout_basic, nicolae_overflow_hidden_temple,
          grunt_ministairs_15
D:6:      layout_basic, serial_shops, shop, uniq_blork_the_orc
D:7:      cheibrodos_helix_gallery, layout_basic, minmay_misc_feat_more_columns
D:8:      layout_basic, doesnt_xom_only_xom, old_standard_altar,
          uniq_prince_ribbit1
D:9:      minmay_the_grid_octo_tiled_octocenter [minmay_the_grid_octo_chip,
          minmay_the_grid_octo_tetromino_candy, minmay_the_grid_octo_pinwheel,
          minmay_the_grid_octo_toaster,
          minmay_the_grid_octo_prize_square_snowflake,
          minmay_the_grid_square_5x5_plus,
          minmay_the_grid_square_5x5_two_walls_b,
          minmay_the_grid_square_5x5_three_walls,
          minmay_the_grid_square_5x5_tie], layout_basic, general_overflow_altar,
          overflow_temple_1_default, lair_entry_dummy, minmay_fountain_box
D:10:     layout_stronghold, serial_shops, nicolae_shop_behind_doors
Temple:   nicolae_temple_hex_pool
Lair:1:   layout_big_grid, gauntlet_entry_generic, basic_altar,
          minmay_lair_oklob_chamber, uniq_sonja

Skill      XL: |  1  2  3  4  5  6  7  8  9 10 11 |
---------------+----------------------------------+-----
Throwing       | 4 5 6 7 8 9 |  9.4
Maces & Flails | 1 2 4 5 7 9 10 | 10.1
Fighting       | 2 3 4 5 |  5.7
Dodging        | 2 3 4 5 |  5.0
Invocations    | 1 3 4 |  4.4
Necromancy     | 1 3 5 |  5.5
Stealth        | |  0.3

Action                   |  1- 3 |  4- 6 |  7- 9 | 10-12 || total
-------------------------+-------+-------+-------+-------++-------
Melee: Unarmed           |   118 |   219 |     1 |       ||   338
       Short sword       |     1 |       |       |       ||     1
       Giant club        |       |    35 |   150 |       ||   185
       Eveningstar       |       |       |   169 |    88 ||   257
       Punch             |       |       |     1 |     2 ||     3
       Flail             |       |       |       |    23 ||    23
Throw: Large rock        |     4 |     8 |     7 |    11 ||    30
       Throwing net      |       |     1 |     1 |       ||     2
       Dart              |       |    17 |    33 |     1 ||    51
       Boomerang         |       |       |     1 |     6 ||     7
Invok: Heroism           |       |       |     1 |     6 ||     7
  Use: Potion            |       |     1 |     5 |       ||     6
       Scroll            |       |       |    11 |     4 ||    15
 Stab: Sleeping          |     2 |     1 |     3 |       ||     6
       Held in net/web   |       |     2 |       |       ||     2
Armor: Robe              |    42 |   106 |   197 |    78 ||   423
       Skin              |       |       |    23 |       ||    23
Dodge: Dodged            |    82 |   133 |   236 |    62 ||   513
Block: Other             |     4 |    59 |    14 |       ||    77
       Reflection        |       |     1 |     1 |       ||     2

Table legend: (Time is in decaauts)
 A = Elapsed time spent in this place.
 B = Non-inter-level travel time spent in this place.
 C = Inter-level travel time spent in this place.
 D = Time resting spent in this place.
 E = Time spent auto-exploring this place.
 F = Levels seen in this place.
 G = Mean time per level.
                   A        B        C        D        E       F      G
               +--------+--------+--------+--------+--------+-----+--------+
         Total |   8141 |   7314 |    827 |    167 |   4586 |  12 |  678.4 |
       Dungeon |   8101 |   7285 |    816 |    167 |   4572 |  10 |  810.1 |
        Temple |     30 |     19 |     11 |      0 |     14 |   1 |   30.0 |
          Lair |      9 |      9 |      0 |      0 |      0 |   1 |    9.0 |
               +--------+--------+--------+--------+--------+-----+--------+

Top non-repeatable levels by time:
     D:5: 1361 daAuts
     D:9: 1326 daAuts
     D:2: 1168 daAuts
     D:7: 914 daAuts
     D:8: 749 daAuts
     D:6: 672 daAuts
     D:4: 661 daAuts
     D:1: 633 daAuts
     D:3: 611 daAuts
  Temple: 30 daAuts
  Lair:1: 9 daAuts
    D:10: 4 daAuts
